 Dungeon Crawl Stone Soup version 0.29-a0-338-g1ff7896281 (webtiles) character file.

Game seed: 3382875245669804402

32764 spaghetti the Unseen (level 13, -13/115 HPs)
             Began as a Deep Dwarf Hunter on Apr 18, 2022.
             Was a High Priest of Cheibriados.
             Killed from afar by Frances (46 damage)
             ... with an iron shot
             ... on level 13 of the Dungeon.
             The game lasted 00:28:30 (11675 turns).

spaghetti the Unseen (Deep Dwarf Hunter)           Turns: 11675, Time: 00:28:30

Health: -13/115    AC: 22    Str: 33    XL:     13   Next: 33%
Magic:  14/15      EV: 26    Int: 25    God:    Cheibriados [*****.]
Gold:   1051       SH:  5    Dex: 32    Spells: 12/12 levels left

rFire   . . .      SeeInvis .   a - +3 broad axe (vamp) {axe}
rCold   + . .      Faith    .   (no shield)
rNeg    . . .      Spirit   .   q - +3 chain mail {rC+}
rPois   .          Reflect  +   o - +1 helmet of Heleirch {rElec Str+4 Int+2}
rElec   +          Harm     .   F - +2 cloak {Will+}
rCorr   .          Rampage  .   V - +0 pair of gloves
Will    ++...                   U - +0 pair of boots
Stlth   +++++.....              K - amulet of reflection
HPRegen 0.00/turn               S - +4 ring of protection
MPRegen 0.14/turn               B - +4 ring of evasion

@: corroded, very slow
A: damage resistance, heal wounds, sense surroundings 2, no regeneration, talons
1, iridescent scales 1, clever 1
a: Heal Wounds, Renounce Religion, Bend Time, Temporal Distortion, Slouch, Step
From Time


You were on level 13 of the Dungeon.
You worshipped Cheibriados.
Cheibriados was extremely pleased with you.
You visited 2 branches of the dungeon, and saw 14 of its levels.

You collected 1051 gold pieces.


Innate Abilities, Weirdness & Mutations

You are resistant to damage.
You can heal yourself by infusing magical energy.
You passively map the area around you.
You do not regenerate.
You have sharp toenails.
You are partially covered in iridescent scales. (AC +2)
Your mind is acute. (Int +2)


   Skills:
 + Level 7.1 Fighting
 + Level 12.9 Axes
 - Level 5.3 Crossbows
 * Level 11.3 Armour
 * Level 12.0 Dodging
 - Level 17.1 Stealth
 - Level 4.8 Invocations


You had 12 spell levels left.
You didn't know any spells.
Your spell library contained the following spells:

 Spells                   Type           Power      Damage    Failure   Level
 Summon Guardian Golem    Hex/Summ       0%         N/A       80%         3
 Summon Forest            Summ/Tloc      0%         N/A       100%        5
 Eringya's Noxious Bog    Tmut/Pois      0%         N/A       100%        6
 Orb of Destruction       Conj           0%         9d5       100%        7
 Spellforged Servitor     Conj/Summ      0%         N/A       100%        7
 Summon Hydra             Summ           0%         N/A       100%        7

Inventory:

Hand Weapons
 a - a +3 vampiric broad axe (weapon) {axe}
   (You found it on level 8 of the Dungeon)
 b - a +1 hand crossbow {crossbow}
 c - the +8 battleaxe "Xotalar" {flame, SInv, axe}
   (You found it on level 9 of the Dungeon)

   It burns those it strikes, dealing additional fire damage.
   Big, fiery blades are also staple armaments of hydra-hunters.
   SInv:      It lets you see invisible.
Missiles
 d - 10 javelins {throwing}
 f - 397 stones (quivered) {throwing}
 n - 43 poisoned darts {throwing}
 r - 2 boomerangs of dispersal {=f!fthrowing}
 y - 11 boomerangs {throwing}
 H - 13 silver boomerangs {throwing}
 Y - 2 curare-tipped darts {=fthrowing}
Armour
 h - the +1 ring mail of Tiexal {rN++ Str+2 Int-3}
   (You found it on level 12 of the Dungeon)

   Str:       It affects your strength (+2).
   Int:       It affects your intelligence (-3).
   rN:        It greatly protects you from negative energy.
 o - the +1 helmet of Heleirch (worn) {rElec Str+4 Int+2}
   (You found it on level 3 of the Dungeon)

   Str:       It affects your strength (+4).
   Int:       It affects your intelligence (+2).
   rElec:     It insulates you from electricity.
 q - a +3 chain mail of cold resistance (worn)
   (You found it on level 3 of the Dungeon)
 F - a +2 cloak of willpower (worn)
   (You took it off Maurice on level 10 of the Dungeon)
 U - a +0 pair of boots (worn)
   (You found it on level 1 of the Dungeon)
 V - a +0 pair of gloves (worn)
   (You found it on level 6 of the Dungeon)
Magical Staves
 i - a staff of air {!astaff}
   (You found it on level 12 of the Dungeon)
 s - a staff of fire {!astaff}
   (You found it on level 3 of the Dungeon)
Jewellery
 B - a +4 ring of evasion (right hand)
   (You found it on level 6 of the Dungeon)
 K - an amulet of reflection (around neck)
   (You found it on level 4 of the Dungeon)
 S - a +4 ring of protection (left hand)
   (You found it on level 12 of the Dungeon)
Wands
 g - a wand of charming (5)
   (You found it on level 11 of the Dungeon)
 x - a wand of polymorph (15)
   (You found it on level 7 of the Dungeon)
 A - a wand of iceblast (26)
   (You found it on level 7 of the Dungeon)
 E - a wand of flame (5)
   (You took it off Maurice on level 10 of the Dungeon)
 O - a wand of acid (4)
   (You found it on level 8 of the Dungeon)
 Q - a wand of digging (1)
   (You found it on level 8 of the Dungeon)
Scrolls
 l - 3 scrolls of holy word
 t - 4 scrolls of amnesia
 u - 6 scrolls of teleportation {@r4}
 G - 3 scrolls of identify {@r1}
 J - a scroll of fear
 M - a scroll of enchant armour {unknown}
 N - a scroll of torment {!r}
 W - 2 scrolls of vulnerability {!r!r}
 X - 3 scrolls of immolation {!r!r}
 Z - a scroll of summoning
Potions
 e - a potion of haste {forbidden@q3}
 j - 4 potions of attraction {!q}
 k - 2 potions of magic
 m - a potion of heal wounds {@q2}
 p - 2 potions of ambrosia
 w - a potion of degeneration {!q@e2}
 z - 3 potions of mutation {!q}
 C - 2 potions of haste {@q3}
 I - a potion of curing {@q1}
 L - a potion of might {unknown}
 R - a potion of flight

Dungeon Overview and Level Annotations

Branches:
Dungeon (13/15)            Temple (1/1) D:5            Lair (0/6) D:8
    Orc (0/2) D:12
 Vaults: D:13-14

Altars:
Ashenzari
Cheibriados
Dithmenos
Elyvilon
Fedhas
Gozag
Hepliaklqana
Kikubaaqudgha
Makhleb
Nemelex Xobeh
Okawaru
Qazlal
Ru
Sif Muna
Trog
Uskayaw
Vehumet
Wu Jian
Xom
Yredelemnul
Zin
The Shining One

Shops:
D:10 :

Annotations:
D:7 exclusions: electric eel and 1 more exclusion
D:8 1 runed translucent door
D:13 exclusions: 4 doors and 1 more exclusion, Frances

** ..........# #......#
###.. , * ..........#
#......# ### , *
#####.##### ##'##### ## #.
#..### #. *.. ##...# ##+
#+### ###.# #... * ....
####.##### #... * * ,
.....#####........# #..≈ *
' ..((93@@##........###.≈≈
,
,,.(...##3.#........#.'.≈≈
* ... ##..........#.#.≈≈
,, ,,. , ###............≈≈
, , #........##.).≈ *
#....4...##)... * *, ,
##.########.... * * #.#
##... * * , #.# #$.≈


You could see Frances (fast, corroded), 2 soul eaters, a rust devil (summoned)
and a gargoyle.


Message History

Frances is healed! 😕 HP[+15]
You regained 15 hp, and now have 112/115 hp.
Unknown command.
Unknown command.
You hit Frances.
You feel better.
Frances screams a word of power! 😎 HP[+3] MP[+1]
Your hp is fully restored (115).
You closely miss Frances.
Frances chants phrases taken from a devil's mouth.
The iron shot hits you!!! 😮 HP[-47]
You take 47 damage, and now have 68/115 hp.
MASSIVE DAMAGE!! (PAUSE) Unknown command.
You slice Frances!! You punch Frances, but do no damage. You slash Frances!
You hit the rust devil.
The soul eater draws from the surrounding life force!
Frances chants phrases taken from a devil's mouth.
The rust devil hits you. The rust devil corrodes you! 😮 HP[-1]
You take 1 damage, and now have 67/115 hp.
Unknown command.
Unknown command.
You slash Frances!
You feel better.
You hit the rust devil but do no damage.
Frances is no longer moving slowly.
The soul eater draws from the surrounding life force!
* * * LOW HITPOINT WARNING * * *
Frances misses you. The rust devil hits you. The rust devil corrodes you!
The soul eater draws from the surrounding life force!
* * * LOW HITPOINT WARNING * * *
😨 HP[-17]
You take 17 damage, and now have 50/115 hp.
Unknown command.
As you read the scroll of fear, it crumbles to dust.
You assume a fearsome visage.
The soul eater resists with almost no effort.
The rust devil looks frightened!
Frances resists with almost no effort.
The gargoyle is unaffected.
The soul eater resists with almost no effort.
Frances barely misses you. Frances closely misses you.
Unknown command.
You feel much better. You block Frances's attack.
The soul eater misses you. 😮 HP[+27]
You regained 27 hp, and now have 77/115 hp.
Unknown command.
Unknown command.
You barely miss Frances.
You hit the soul eater but do no damage.
You block Frances's attack.
Frances mutters in a terrible tongue.
The shard of ice hits you!! You partially resist.
You block the soul eater's attack. 😮 HP[-16] MP[+1]
You take 16 damage, and now have 61/115 hp.
You hit Frances.
You hit the soul eater but do no damage.
You block Frances's attack.
You hit Frances.
You feel better.
You slash the soul eater! Frances misses you.
The soul eater completely misses you. Frances closely misses you. 😮 HP[+3]
You regained 3 hp, and now have 64/115 hp.
You slash Frances!
You feel better.
You hit the soul eater but do no damage.
The soul eater misses you.
The soul eater draws from the surrounding life force!
Frances closely misses you. 😮 HP[-5]
You take 5 damage, and now have 59/115 hp.
You hit Frances.
You feel better.
You hit the soul eater but do no damage.
Frances screams a word of power!
The shard of ice hits you!! You partially resist.
* * * LOW HITPOINT WARNING * * *
The soul eater completely misses you.
Frances says, "I speak the language of demons!"
Frances completely misses you. 😨 HP[-26]
You take 26 damage, and now have 33/115 hp.
MASSIVE DAMAGE!! (PAUSE)
Aiming: Corrosive Bolt
Press: ? - help, Shift-Dir - straight line, f - Frances
Aim: Frances, wielding a +0 war axe and wearing a +0 leather armour (severely wounded, fast, 71% to hit)
The bolt of acid misses Frances.
The bolt of acid hits the soul eater but does no damage.
The bolt of acid hits the gargoyle.
The soul eater hits you but does no damage.
You block Frances's attack.
Aiming: Corrosive Bolt
Press: ? - help, Shift-Dir - straight line, f/p - Frances
Aim: Frances, wielding a +0 war axe and wearing a +0 leather armour (severely wounded, fast, 71% to hit)
The bolt of acid hits Frances!
The acid corrodes Frances!
The bolt of acid hits the soul eater.
The acid corrodes the soul eater!
The bolt of acid hits the gargoyle.
The rust devil seems to regain its courage.
Frances mutters in a terrible tongue.
The iron shot hits you!!!
You die...

Skill      XL: |  1  2  3  4  5  6  7  8  9 10 11 12 13 |
---------------+----------------------------------------+-----
Fighting       | 2 3 5 6 7 |  7.1
Stealth        | 2 3 4 5 13 17 | 17.1
Dodging        | 3 4 7 8 9 11 12 | 12.0
Crossbows      | 5 |  5.3
Axes           | 4 7 9 11 12 | 12.9
Armour         | 3 5 7 9 10 11 | 11.3
Invocations    | 3 4 |  4.8

Action                   |  1- 3 |  4- 6 |  7- 9 | 10-12 | 13-15 || total
-------------------------+-------+-------+-------+-------+-------++-------
Melee: Dagger            |    11 |    60 |       |       |       ||    71
       Punch             |       |     3 |     5 |     5 |     3 ||    16
       Halberd           |       |     9 |       |       |       ||     9
       Broad axe         |       |    25 |   221 |   514 |   139 ||   899
       Battleaxe         |       |       |       |     9 |    17 ||    26
 Fire: Hand crossbow     |    70 |    59 |    19 |    71 |       ||   219
Throw: Stone             |       |       |    33 |    56 |    14 ||   103
Invok: Bend Time         |       |       |       |     1 |     1 ||     2
 Abil: Heal Wounds       |     1 |       |     1 |       |       ||     2
Evoke: Wand              |       |       |       |       |     7 ||     7
  Use: Potion            |     1 |     4 |     2 |     5 |     1 ||    13
       Scroll            |       |     1 |     8 |     9 |     1 ||    19
 Stab: Sleeping          |       |       |       |     3 |     2 ||     5
Armor: Leather armour    |     6 |    10 |       |       |       ||    16
       Chain mail        |       |    52 |   128 |   183 |    26 ||   389
       Skin              |       |       |       |     7 |       ||     7
Dodge: Dodged            |    15 |    45 |   131 |   558 |   126 ||   875
Block: Other             |       |       |       |   134 |    25 ||   159
       Reflection        |       |       |       |     3 |       ||     3

Levels and vault maps discovered:
D:1:      minmay_arrival_open_corners, layout_loops_ring, kennysheep_nondescript
D:2:      layout_rooms, ebering_ecumenical_altar_box,
          chequers_serial_rivers_micro_e, uniq_robin
D:3:      layout_loops_corners, minmay_unequal, uniq_jessica
D:4:      layout_basic, minmay_misc_feat_cross, kennysheep_opposing_triangles
D:5:      layout_rooms, elyvilon_altar_5, mainiacjoe_overflow_boulevard,
          kennysheep_little_box, mainiacjoe_overflow_swirl,
          minmay_temple_entry_fiery, uniq_menkaure
D:6:      layout_basic, led_xom_imps
D:7:      nzn_winding_woodlands_cross [nzn_winding_woodlands_5x15_pool,
          nzn_winding_woodlands_5x15_sidewinder,
          nzn_winding_woodlands_5x15_parted,
          nzn_winding_woodlands_5x15_pathside_ponds,
          nzn_winding_woodlands_15x15_eel_pit], layout_gridville, st_stairs_12,
          grunt_ministairs_8, hangedman_abyss_or_decor_lesser_grid
D:8:      layout_rooms, pdpol_temple_overflow_zin_treasury_gozag_greed,
          kennysheep_mini, nicolae_yredelemnul_corpse_copse,
          erik_lair_orcish_takeover, kennysheep_cluttered_room,
          lightli_church_of_beogh, uniq_erica, uniq_maggie
D:9:      layout_big_octagon, okawaru_metal_pillars_3, ashenzari_altar_1,
          kennysheep_generic_room_7
D:10:     layout_stronghold, nicolae_sif_muna_condensation, serial_shops, shop,
          minmay_unpleasant_kobolds, uniq_maurice, uniq_snorg, uniq_lodul
D:11:     layout_loops_ring
D:12:     layout_roguey, orc_0_dummy, ebering_ghost_disaster_area, uniq_nessos
D:13:     layout_roguey, grunt_vaults_entry_fortified, minmay_misc_feat_room,
          uniq_frances
Temple:   jpeg_temple_island

Notes
Turn   | Place    | Note
-------+----------+-------------------------------------------
     0 | D:1      | spaghetti the Deep Dwarf Hunter began the quest for the
                  | Orb.
     0 | D:1      | Reached XP level 1. HP: 19/19 MP: 1/1
     0 | D:1      | magus.rc [v1.9.6]
   181 | D:1      | Reached skill level 2 in Fighting
   181 | D:1      | Reached skill level 2 in Stealth
   181 | D:1      | Reached XP level 2. HP: 26/26 MP: 2/2
   386 | D:1      | Reached XP level 3. HP: 32/32 MP: 3/3
   682 | D:2      | Reached skill level 3 in Stealth
   689 | D:2      | HP: 5/33 [gnoll/+0 whip (5)]
   697 | D:2      | Reached XP level 4. HP: 28/40 MP: 4/4
   821 | D:2      | Reached skill level 3 in Dodging
   960 | D:2      | Noticed Robin
   978 | D:2      | Killed Robin
  1053 | D:2      | Found a faded altar of an unknown god.
  1286 | D:3      | Identified the +1 helmet of Heleirch {rElec Str+4 Int+2}
  1545 | D:3      | Noticed Jessica
  1550 | D:3      | Killed Jessica
  1551 | D:3      | Reached skill level 5 in Crossbows
  1551 | D:3      | Reached skill level 4 in Stealth
  1551 | D:3      | Reached XP level 5. HP: 45/46 MP: 5/5
  2333 | D:4      | You fall into a shaft and drop 3 floors!
  2335 | D:7      | Noticed a sky beast
  2336 | D:7      | Noticed a sky beast
  2395 | D:7      | Noticed a phantom
  2411 | D:8      | Killed a phantom
  2412 | D:8      | Reached skill level 3 in Fighting
  2412 | D:8      | Reached skill level 5 in Stealth
  2412 | D:8      | Reached XP level 6. HP: 30/56 MP: 6/6
  2541 | D:8      | Reached skill level 1 in Axes
  2543 | D:7      | Noticed a sky beast
  2559 | D:7      | Killed a sky beast
  2560 | D:7      | Reached skill level 3 in Axes
  2610 | D:7      | Killed a sky beast
  2611 | D:7      | Reached skill level 4 in Axes
  2611 | D:7      | Reached XP level 7. HP: 62/62 MP: 7/7
  2628 | D:7      | Reached skill level 5 in Axes
  2636 | D:7      | Noticed a wyvern
  2636 | D:7      | Noticed a steam dragon
  2718 | D:7      | You pick up a book of Dangerous Friends and begin
                  | reading...
  2718 | D:7      | You add the spells Summon Guardian Golem, Orb of
                  | Destruction and Spellforged Servitor to your library.
  2740 | D:7      | Reached skill level 6 in Axes
  2798 | D:7      | Killed a wyvern
  2799 | D:7      | Reached skill level 7 in Axes
  2799 | D:7      | Reached XP level 8. HP: 59/69 MP: 7/7
  2802 | D:7      | Reached skill level 8 in Axes
  2967 | D:7      | Reached skill level 9 in Axes
  2996 | D:7      | Reached skill level 1 in Armour
  3057 | D:7      | Reached skill level 4 in Dodging
  3071 | D:7      | Reached skill level 2 in Armour
  3148 | D:7      | Reached skill level 3 in Armour
  3148 | D:7      | Gained mutation: You passively map the area around you.
                  | [Deep Dwarf growth]
  3148 | D:7      | Reached XP level 9. HP: 67/75 MP: 8/8
  3449 | D:7      | Reached skill level 5 in Dodging
  3640 | D:7      | Noticed a manticore
  3670 | D:7      | Killed a manticore
  3671 | D:7      | Reached skill level 10 in Axes
  3858 | D:6      | Reached skill level 4 in Armour
  3935 | D:6      | Reached skill level 6 in Dodging
  4144 | D:6      | Reached skill level 5 in Armour
  4266 | D:6      | Found a shimmering altar of Xom.
  4496 | D:5      | Entered Level 5 of the Dungeon
  4552 | D:5      | Reached skill level 11 in Axes
  4637 | D:5      | Found a shadowy altar of Dithmenos.
  4692 | D:5      | Found an ornate altar of the Wu Jian Council.
  4738 | D:5      | You add the spells Summon Forest, Eringya's Noxious Bog and
                  | Summon Hydra to your library.
  4750 | D:5      | Noticed Menkaure
  4752 | D:5      | Found a white marble altar of Elyvilon.
  4754 | D:5      | Reached skill level 7 in Dodging
  4760 | D:5      | Reached XP level 10. HP: 52/85 MP: 9/9
  4764 | D:5      | Killed Menkaure
  4765 | D:5      | Reached skill level 4 in Fighting
  4790 | D:5      | Identified the +5 whip of Integrity {vorpal, rC+ Str+4}
  4953 | D:5      | Found a sacrificial altar of Ru.
  4962 | D:5      | Found a hide-covered altar of Uskayaw.
  5079 | D:5      | Found a staircase to the Ecumenical Temple.
  5240 | D:4      | Reached skill level 6 in Armour
  6111 | Temple   | Entered the Ecumenical Temple
  6150 | Temple   | Became a worshipper of Cheibriados the Contemplative
  6327 | D:8      | Noticed Maggie
  6350 | D:8      | Killed Maggie
  6371 | D:8      | Found a staircase to the Lair.
  6545 | D:8      | Found a glowing silver altar of Zin.
  6635 | D:8      | Found a basalt altar of Yredelemnul.
  6666 | D:8      | Reached * piety under Cheibriados
  6683 | D:8      | Reached skill level 8 in Dodging
  6746 | D:8      | Reached skill level 7 in Armour
  6746 | D:8      | Reached skill level 1 in Invocations
  7027 | D:8      | Noticed Erica
  7037 | D:8      | Killed Erica
  7038 | D:8      | Reached skill level 2 in Invocations
  7041 | D:8      | Found a radiant altar of Vehumet.
  7062 | D:8      | Found a runed translucent door.
  7095 | D:8      | Found an opulent altar of Gozag.
  7717 | D:9      | Reached skill level 5 in Fighting
  7737 | D:9      | Noticed a tengu warrior
  7760 | D:9      | Killed a tengu warrior
  7761 | D:9      | Reached skill level 3 in Invocations
  7893 | D:9      | Found a broken altar of Ashenzari.
  7906 | D:9      | Reached XP level 11. HP: 49/94 MP: 12/12
  7945 | D:9      | Reached skill level 8 in Armour
  7945 | D:9      | Reached skill level 9 in Dodging
  7964 | D:9      | Reached ** piety under Cheibriados
  7979 | D:9      | Identified the +8 battleaxe "Xotalar" {flame, SInv}
  8129 | D:9      | Found an iron altar of Okawaru.
  8166 | D:9      | Noticed a two-headed ogre
  8177 | D:9      | Killed a two-headed ogre
  8183 | D:9      | Reached skill level 4 in Invocations
  8331 | D:9      | Noticed a two-headed ogre
  8331 | D:9      | Noticed a two-headed ogre
  8333 | D:9      | Noticed a two-headed ogre
  8336 | D:9      | Killed a two-headed ogre
  8337 | D:9      | Reached skill level 12 in Axes
  8342 | D:9      | Killed a two-headed ogre
  8348 | D:9      | Killed a two-headed ogre
  8349 | D:9      | Reached skill level 9 in Armour
  8423 | D:9      | Identified a scroll of acquirement
  8424 | D:9      | Acquired a manual of Stealth
  8581 | D:10     | Entered Level 10 of the Dungeon
  8623 | D:10     | Found a shimmering blue altar of Sif Muna.
  8626 | D:10     | Noticed Snorg
  8633 | D:10     | Reached *** piety under Cheibriados
  8644 | D:10     | Killed Snorg
  8645 | D:10     | Reached skill level 8 in Stealth
  8645 | D:10     | Noticed a two-headed ogre
  8664 | D:10     | Killed a two-headed ogre
  8665 | D:10     | Reached skill level 9 in Stealth
  8728 | D:10     | Reached skill level 10 in Stealth
  8900 | D:10     | Reached skill level 11 in Stealth
  8913 | D:10     | Reached skill level 12 in Stealth
  9038 | D:10     | Noticed Lodul
  9038 | D:10     | Noticed a two-headed ogre
  9040 | D:10     | Gained mutation: Your mind is acute. (Int +2) [potion of
                  | mutation]
  9040 | D:10     | Gained mutation: You have sharp toenails. [potion of
                  | mutation]
  9040 | D:10     | Gained mutation: You are partially covered in iridescent
                  | scales. (AC +2) [potion of mutation]
  9040 | D:10     | Noticed a two-headed ogre
  9041 | D:10     | Noticed a two-headed ogre
  9050 | D:10     | Noticed a two-headed ogre
  9053 | D:10     | Noticed a two-headed ogre
  9055 | D:10     | Killed a two-headed ogre
  9056 | D:10     | Reached skill level 13 in Stealth
  9056 | D:10     | Reached XP level 12. HP: 101/104 MP: 14/14
  9058 | D:10     | Killed a two-headed ogre
  9058 | D:10     | Noticed a two-headed ogre
  9059 | D:10     | Reached skill level 14 in Stealth
  9059 | D:10     | Killed Lodul
  9059 | D:10     | Noticed a two-headed ogre
  9061 | D:10     | Noticed a two-headed ogre
  9071 | D:10     | Killed a two-headed ogre
  9072 | D:10     | Reached skill level 15 in Stealth
  9073 | D:10     | Killed a two-headed ogre
  9075 | D:10     | Killed a two-headed ogre
  9076 | D:10     | Reached skill level 16 in Stealth
  9081 | D:10     | Killed a two-headed ogre
  9082 | D:10     | Reached skill level 17 in Stealth
  9083 | D:10     | Killed a two-headed ogre
  9084 | D:10     | Reached skill level 10 in Dodging
  9101 | D:10     | Killed a two-headed ogre
  9101 | D:10     | Reached **** piety under Cheibriados
  9123 | D:10     | Found Buon's Book Shoppe.
  9255 | D:10     | Reached skill level 6 in Fighting
  9389 | D:10     | Noticed Maurice
  9407 | D:10     | Killed Maurice
  9685 | D:11     | Noticed a boulder beetle
 10131 | D:11     | Reached skill level 10 in Armour
 10248 | D:11     | Noticed a seven-headed hydra
 10257 | D:11     | Killed a four-headed hydra
 10765 | D:12     | Reached skill level 11 in Dodging
 10854 | D:12     | Noticed a seven-headed hydra
 10865 | D:12     | Killed a two-headed hydra
 10876 | D:12     | Reached ***** piety under Cheibriados
 10908 | D:12     | Reached XP level 13. HP: 83/114 MP: 15/15
 10982 | D:12     | Found a large runed translucent door.
 10983 | D:12     | Found a large runed translucent door.
 10985 | D:12     | Noticed sammy202020's ghost (journeyman DsBe)
 11009 | D:12     | Found a staircase to the Orcish Mines.
 11162 | D:12     | Noticed Nessos
 11173 | D:12     | Killed Nessos
 11346 | D:12     | Reached skill level 11 in Armour
 11452 | D:12     | Killed sammy202020's ghost
 11460 | D:12     | Identified the +1 ring mail of Tiexal {rN++ Str+2 Int-3}
 11562 | D:13     | Reached skill level 7 in Fighting
 11641 | D:13     | Noticed Frances
 11650 | D:13     | Reached skill level 12 in Dodging
 11675 | D:13     | Killed from afar by Frances

Vanquished Creatures
  Nessos (D:12)
  The ghost of sammy202020 the Fighter, a journeyman DsBe of Trog (D:12)
  Snorg (D:10)
  2 hydras
  A boulder beetle (D:12)
  Erica (D:8)
  15 two-headed ogres
  A tengu warrior (D:9)
  Lodul (D:10)
  A deep elf pyromancer (D:12)
  3 manticores
  3 cyclopes
  Maurice (D:10)
  3 gargoyles
  Maggie (D:8)
  2 unseen horrors
  A kobold demonologist (D:11)
  A troll (D:9)
  A hornet (D:8)
  7 slime creatures (D:12)
  A vampire (D:12)
  2 wraiths
  2 wyverns
  A shadow (D:10)
  3 steam dragons
  19 yaks
  2 basilisks
  3 vampire mosquitoes (D:10)
  3 wargs (D:8)
  Menkaure (D:5)
  An acid dragon (D:11)
  2 water moccasins
  2 hornet zombies (D:8)
  3 ice beasts (D:6)
  3 orc warriors
  2 black bears (D:8)
  3 sky beasts (D:7)
  2 centaurs
  3 boggarts (D:13)
  5 ogres
  2 phantoms
  6 kobold brigands
  4 necrophages
  A wyvern zombie (D:8)
  2 gnoll sergeants
  5 bullfrogs
  6 scorpions
  12 wights
  11 killer bees
  A howler monkey (D:6)
  A centaur zombie (D:8)
  3 crimson imps (D:6)
  2 hounds
  A gnoll shaman (D:8)
  4 orc priests
  4 iguanas
  Jessica (D:3)
  10 orc wizards
  2 killer bee zombies (D:8)
  3 howler monkey zombies (D:8)
  Robin (D:2)
  12 gnolls
  5 adders
  2 shadow imps
  A white imp (D:6)
  A worm (D:2)
  7 dart slugs
  23 orcs
  3 bats
  6 endoplasms
  2 giant cockroaches
  18 goblins
  6 hobgoblins
  7 jackals (D:4)
  24 kobolds
  3 quokkas
  3 ball pythons
  A frilled lizard (D:1)
  7 rats
324 creatures vanquished.

Vanquished Creatures (others)
  7 plants (D:7)
7 creatures vanquished.

Grand Total: 331 creatures vanquished

Table legend:
 A = Non-vault XP
 B = Vault XP
 C = Vault XP percentage of total XP
 D = Non-vault monster count
 E = Vault monster count
 F = Vault count percentage of total count
                 A         B        C        D         E       F
            +---------+---------+-------+---------+---------+-------
      Total |   27550 |   19257 |  41.1 |     239 |      85 |  26.2
            +---------+---------+-------+---------+---------+-------
        D:1 |      47 |       0 |   0.0 |      25 |       0 |   0.0
        D:2 |      93 |      35 |  27.3 |      18 |      11 |  37.9
        D:3 |      20 |      77 |  79.4 |       5 |       4 |  44.4
        D:4 |     247 |      16 |   6.1 |      19 |       4 |  17.4
        D:5 |     927 |     172 |  15.7 |      16 |       1 |   5.9
        D:6 |    1283 |     142 |  10.0 |      18 |       3 |  14.3
        D:7 |     885 |    2101 |  70.4 |      21 |      15 |  41.7
        D:8 |    1109 |    2547 |  69.7 |      12 |      22 |  64.7
        D:9 |    4643 |    2502 |  35.0 |      40 |       3 |   7.0
       D:10 |    4636 |    8852 |  65.6 |      31 |      18 |  36.7
       D:11 |    4073 |       0 |   0.0 |      11 |       0 |   0.0
       D:12 |    7588 |    1973 |  20.6 |      18 |       2 |  10.0
       D:13 |    1999 |     840 |  29.6 |       5 |       2 |  28.6
            +---------+---------+-------+---------+---------+-------

Illustrated notes

Table legend:
 A = Kills in this place as a percentage of kills in entire the game.
 B = Kills by you in this place as a percentage of kills by you in the entire game.
 C = Kills by friends in this place as a percentage of kills by friends in the entire game.
 D = Other kills in this place as a percentage of other kills in the entire game.
 E = Experience gained in this place as a percentage of experience gained in the entire game.
 F = Experience gained in this place divided by the number of levels of this place that you have seen.
                   A       B       C       D       E      F
               +-------+-------+-------+-------+-------+----------------------
         Total | 100.0 | 100.0 |   N/A |   N/A | 100.0 | 3343.4
       Dungeon | 100.0 | 100.0 |   N/A |   N/A | 100.0 | 3600.5
               +-------+-------+-------+-------+-------+----------------------

Table legend: (Time is in decaauts)
 A = Elapsed time spent in this place.
 B = Non-inter-level travel time spent in this place.
 C = Inter-level travel time spent in this place.
 D = Time resting spent in this place.
 E = Time spent auto-exploring this place.
 F = Levels seen in this place.
 G = Mean time per level.
                   A        B        C        D        E       F      G
               +--------+--------+--------+--------+--------+-----+--------+
         Total |  14061 |  12940 |   1121 |   1115 |   9210 |  14 | 1004.4 |
       Dungeon |  13982 |  12901 |   1081 |   1115 |   9179 |  13 | 1075.5 |
        Temple |     78 |     39 |     39 |      0 |     31 |   1 |   78.0 |
               +--------+--------+--------+--------+--------+-----+--------+

Top non-repeatable levels by time:
    D:10: 1750 daAuts
    D:11: 1536 daAuts
     D:8: 1528 daAuts
     D:7: 1427 daAuts
     D:3: 1317 daAuts
    D:12: 1154 daAuts
     D:9: 1147 daAuts
     D:1: 857 daAuts
     D:5: 853 daAuts
     D:6: 839 daAuts
     D:4: 810 daAuts
     D:2: 495 daAuts
    D:13: 264 daAuts
  Temple: 78 daAuts
